cohdb
Replays
Latest Replays
All Replays
Popular Replays
Top Player Replays
Match Explorer
How It Works
Community
CoH3 Stats
Reddit
Sign in to upload your games and track your stats! →
Sign in with Steam
Match 40977020
Unlisted
Match 40977020
Overview
Messages
Build Orders
End
Kradschützen Motorcycle Team
Panzergrenadier Squad
250 Light Carrier
Selects Italian Infantry
Construct Light Support Kompanie
MG34 Team
Selects Defensive Operations
Combat Half-tracks
MG34 Team
Fire Support Elements
2.5-tonne Medical Truck
Pak 38 Mechanized Group
MG34 Team
Vehicle Survival Package
Construct Panzerarmee Kommand
Selects Prepared Positions
Assault Grenadier Squad
Walking Stuka Rocket Launcher
Pak 38 Mechanized Group
看个鸟
鲜榨果汁
mbkm
Calm
wila
POOH
LittleFatty233
Altair9527
0
0
Comments
sign in to comment!
No comments posted yet!